[ AOE2 MATCH · #490871903 ]
UnrankedWu vs Koreans
Player's team · WIN
Rival team · LOSS
[ REPLAY ANALYSIS · EXTRACTED FROM THE RECORDED GAME ]
Feudal
11:55
Castle
18:25
Imperial
33:10
| APM avg | 70.5 |
| APM peak | 100 |
| eAPM avg | 39.6 |
| Villagers / military | 162 / 111 |
Focus
⚔️ 48.0% · 🌾 52.0%
Militia ×80 · Cavalry Archer ×16 · Unknown (1942) ×14 · Skirmisher ×9 · Mangonel ×4 · Monk ×2
Feudal
9:10
Castle
18:55
Imperial
32:21
| APM avg | 59.1 |
| APM peak | 84 |
| eAPM avg | 32.7 |
| Villagers / military | 151 / 132 |
Focus
⚔️ 32.1% · 🌾 67.9%
Fire Lancer ×87 · Skirmisher ×22 · Archer ×8 · Trebuchet (Packed) ×6 · Iron Pagoda ×5 · Monk ×2
Match map
Initial resources + every placement click. Lines = walls · curves = elevation contours. ◆ gold · ⬟ stone · ● berries · ✦ relic · ◌ wall gap
Your base· Open — 3t gap
_TieuQuy's base· ✓ Closed at 18:55 · 33t walls · 1 gate(s)
Smoothed initial terrain · ◌ = detected wall gap · hover for details
Inputs per minute
— TAG_Sitaux - - _TieuQuy
Build order — TAG_Sitaux
First 150 of 524 actions detected
| 0:00 | Create | Villager (Male) |
| 0:01 | Create | Villager (Male) |
| 0:01 | Build | House |
| 0:02 | Build | House |
| 0:10 | Create | Villager (Male) |
| 0:10 | Create | Villager (Male) |
| 1:23 | Create | Villager (Male) |
| 1:43 | Create | Villager (Male) |
| 1:43 | Create | Villager (Male) |
| 1:47 | Build | Lumber Camp |
| 2:12 | Create | Villager (Male) |
| 2:36 | Create | Villager (Male) |
| 3:04 | Create | Villager (Male) |
| 3:30 | Create | Villager (Male) |
| 3:48 | Build | House |
| 4:06 | Create | Villager (Male) |
| 4:25 | Create | Villager (Male) |
| 4:32 | Build | Barracks |
| 4:57 | Create | Villager (Male) |
| 5:08 | Build | House |
| 5:25 | Create | Militia |
| 5:25 | Create | Militia |
| 5:27 | Create | Villager (Male) |
| 5:42 | Create | Villager (Male) |
| 6:06 | Build | Mill |
| 6:07 | Create | Villager (Male) |
| 6:37 | Research | Loom |
| 6:40 | Create | Villager (Male) |
| 6:41 | Research | Loom |
| 7:00 | Build | House |
| 7:10 | Build | Farm |
| 7:21 | Build | Farm |
| 7:25 | Create | Villager (Male) |
| 7:52 | Create | Villager (Male) |
| 8:14 | Build | Lumber Camp |
| 8:23 | Create | Villager (Male) |
| 8:47 | Create | Villager (Male) |
| 8:55 | Build | House |
| 8:57 | Build | Palisade Wall |
| 9:11 | Build | House |
| 9:12 | Build | Palisade Wall |
| 9:13 | Build | Palisade Wall |
| 9:14 | Build | Palisade Wall |
| 9:16 | Create | Villager (Male) |
| 9:42 | Build | Palisade Wall |
| 9:45 | Research | Feudal Age |
| 9:45 | Research | Feudal Age |
| 10:18 | Build | Mining Camp |
| 10:28 | Build | Farm |
| 10:38 | Create | Villager (Male) |
| 10:53 | Build | Farm |
| 11:10 | Build | Farm |
| 11:55 | Age | Feudal Age |
| 11:58 | Create | Villager (Male) |
| 12:03 | Research | Double-Bit Axe |
| 12:03 | Research | Double-Bit Axe |
| 12:03 | Research | Horse Collar |
| 12:14 | Create | Villager (Male) |
| 12:30 | Build | Archery Range |
| 12:32 | Create | Villager (Male) |
| 12:52 | Build | Farm |
| 13:03 | Build | Farm |
| 13:04 | Create | Villager (Male) |
| 13:21 | Build | Farm |
| 13:23 | Create | Skirmisher |
| 13:33 | Create | Villager (Male) |
| 13:35 | Build | Farm |
| 13:43 | Create | Skirmisher |
| 13:48 | Build | Farm |
| 14:00 | Build | Farm |
| 14:01 | Create | Villager (Male) |
| 14:04 | Build | Farm |
| 14:07 | Create | Skirmisher |
| 14:33 | Build | Farm |
| 14:35 | Build | Farm |
| 14:37 | Create | Skirmisher |
| 14:38 | Create | Villager (Male) |
| 14:58 | Build | Blacksmith |
| 15:00 | Create | Skirmisher |
| 15:17 | Create | Villager (Male) |
| 15:25 | Build | House |
| 15:26 | Build | House |
| 15:45 | Research | Castle Age |
| 15:50 | Create | Skirmisher |
| 16:16 | Create | Skirmisher |
| 16:24 | Research | Gold Mining |
| 16:24 | Research | Gold Mining |
| 16:47 | Build | Farm |
| 16:48 | Build | Farm |
| 16:51 | Research | Fletching |
| 16:52 | Research | Fletching |
| 16:53 | Create | Skirmisher |
| 17:05 | Create | Villager (Male) |
| 17:07 | Create | Skirmisher |
| 17:37 | Create | Villager (Male) |
| 17:56 | Build | Stable |
| 18:25 | Age | Castle Age |
| 18:30 | Build | Town Center |
| 18:32 | Create | Cavalry Archer |
| 18:34 | Research | Bow Saw |
| 18:34 | Research | Bow Saw |
| 18:36 | Create | Villager (Male) |
| 18:40 | Create | Unit 1944 |
| 18:47 | Create | Villager (Male) |
| 18:48 | Build | House |
| 18:58 | Build | Town Center |
| 19:09 | Create | Cavalry Archer |
| 19:33 | Research | Wheelbarrow |
| 19:34 | Research | Wheelbarrow |
| 19:36 | Create | Cavalry Archer |
| 19:38 | Create | Villager (Male) |
| 19:46 | Create | Villager (Male) |
| 19:55 | Research | Town Watch |
| 19:55 | Research | Town Watch |
| 19:59 | Research | Heavy Plow |
| 19:59 | Research | Heavy Plow |
| 20:01 | Build | Farm |
| 20:07 | Create | Villager (Male) |
| 20:07 | Create | Villager (Male) |
| 20:10 | Build | Farm |
| 20:32 | Create | Villager (Male) |
| 20:42 | Create | Villager (Male) |
| 20:42 | Create | Villager (Male) |
| 20:54 | Build | Farm |
| 20:55 | Build | Farm |
| 21:06 | Create | Villager (Male) |
| 21:06 | Create | Villager (Male) |
| 21:07 | Build | Siege Workshop |
| 21:14 | Build | Outpost |
| 21:16 | Create | Villager (Male) |
| 21:16 | Create | Villager (Male) |
| 21:26 | Create | Villager (Male) |
| 21:36 | Create | Cavalry Archer |
| 21:44 | Create | Villager (Male) |
| 21:44 | Create | Villager (Male) |
| 21:49 | Create | Cavalry Archer |
| 21:50 | Create | Mangonel |
| 21:51 | Build | House |
| 21:53 | Create | Villager (Male) |
| 21:53 | Create | Villager (Male) |
| 21:53 | Create | Villager (Male) |
| 21:54 | Build | Farm |
| 22:07 | Build | Outpost |
| 22:10 | Create | Villager (Male) |
| 22:11 | Create | Villager (Male) |
| 22:11 | Create | Villager (Male) |
| 22:13 | Build | Outpost |
| 22:15 | Create | Cavalry Archer |
| 22:22 | Build | Farm |
| 22:24 | Create | Villager (Male) |
Build order — _TieuQuy
First 150 of 341 actions detected
| 0:01 | Create | Villager (Male) |
| 0:01 | Create | Villager (Male) |
| 0:02 | Build | House |
| 0:03 | Build | House |
| 0:14 | Create | Villager (Male) |
| 0:26 | Create | Villager (Male) |
| 0:26 | Create | Villager (Male) |
| 1:23 | Create | Villager (Male) |
| 1:51 | Build | Lumber Camp |
| 2:01 | Create | Villager (Male) |
| 2:01 | Create | Villager (Male) |
| 2:15 | Create | Villager (Male) |
| 2:45 | Create | Villager (Male) |
| 3:11 | Create | Villager (Male) |
| 3:32 | Create | Villager (Male) |
| 3:32 | Create | Villager (Male) |
| 3:49 | Build | House |
| 3:53 | Build | Palisade Wall |
| 3:54 | Build | Palisade Wall |
| 3:54 | Build | Palisade Wall |
| 3:58 | Create | Villager (Male) |
| 4:16 | Create | Villager (Male) |
| 4:32 | Build | Palisade Wall |
| 4:42 | Create | Villager (Male) |
| 4:44 | Build | Mill |
| 5:07 | Create | Villager (Male) |
| 5:37 | Create | Villager (Male) |
| 5:52 | Research | Loom |
| 6:18 | Build | Palisade Wall |
| 6:19 | Build | Palisade Wall |
| 6:20 | Build | Palisade Wall |
| 6:56 | Build | Palisade Wall |
| 7:00 | Research | Feudal Age |
| 7:25 | Build | Palisade Wall |
| 7:27 | Build | Palisade Wall |
| 7:28 | Build | Palisade Wall |
| 7:42 | Build | Barracks |
| 8:04 | Build | House |
| 8:48 | Build | House |
| 9:00 | Create | Villager (Male) |
| 9:10 | Age | Feudal Age |
| 9:12 | Build | Archery Range |
| 9:14 | Create | Spearman |
| 9:16 | Research | Double-Bit Axe |
| 9:19 | Create | Villager (Male) |
| 9:53 | Create | Villager (Male) |
| 9:57 | Create | Archer |
| 9:59 | Create | Skirmisher |
| 10:04 | Create | Villager (Male) |
| 10:09 | Build | Palisade Wall |
| 10:19 | Create | Spearman |
| 10:32 | Create | Villager (Male) |
| 10:58 | Create | Villager (Male) |
| 11:13 | Build | House |
| 11:26 | Create | Villager (Male) |
| 11:27 | Build | House |
| 11:48 | Create | Villager (Male) |
| 11:49 | Build | Farm |
| 11:51 | Build | Farm |
| 11:51 | Build | Farm |
| 11:52 | Build | Farm |
| 11:55 | Build | House |
| 12:00 | Build | House |
| 12:05 | Build | Farm |
| 12:07 | Create | Villager (Male) |
| 12:10 | Build | Palisade Wall |
| 12:14 | Build | Farm |
| 12:18 | Build | House |
| 12:19 | Build | Palisade Wall |
| 12:36 | Build | Farm |
| 12:36 | Create | Villager (Male) |
| 12:52 | Build | Farm |
| 12:59 | Create | Villager (Male) |
| 13:03 | Build | Mining Camp |
| 13:12 | Build | Farm |
| 13:29 | Build | Farm |
| 13:29 | Create | Villager (Male) |
| 13:39 | Build | Palisade Wall |
| 13:49 | Create | Villager (Male) |
| 13:53 | Build | Farm |
| 14:05 | Build | Farm |
| 14:09 | Create | Villager (Male) |
| 14:40 | Build | Blacksmith |
| 14:46 | Build | Palisade Gate |
| 14:50 | Create | Villager (Male) |
| 15:04 | Build | Farm |
| 15:25 | Create | Villager (Male) |
| 15:28 | Build | Farm |
| 16:12 | Build | Farm |
| 16:15 | Research | Castle Age |
| 16:31 | Build | Barracks |
| 16:44 | Build | Lumber Camp |
| 16:51 | Research | Gold Mining |
| 16:51 | Research | Gold Mining |
| 17:04 | Research | Horse Collar |
| 17:05 | Research | Horse Collar |
| 17:27 | Create | Villager (Male) |
| 17:53 | Research | Scale Mail Armor |
| 17:53 | Research | Scale Mail Armor |
| 18:55 | Age | Castle Age |
| 18:57 | Build | Town Center |
| 19:03 | Create | Fire Lancer |
| 19:03 | Create | Fire Lancer |
| 19:05 | Research | Bow Saw |
| 19:05 | Research | Bow Saw |
| 19:06 | Create | Villager (Male) |
| 19:26 | Build | Town Center |
| 19:34 | Research | Squires |
| 19:34 | Research | Squires |
| 19:42 | Create | Villager (Male) |
| 19:44 | Create | Fire Lancer |
| 19:46 | Create | Fire Lancer |
| 19:55 | Create | Villager (Male) |
| 19:59 | Create | Villager (Male) |
| 20:00 | Create | Villager (Male) |
| 20:18 | Create | Villager (Male) |
| 20:32 | Create | Fire Lancer |
| 20:34 | Create | Fire Lancer |
| 20:35 | Research | Chain Mail Armor |
| 20:35 | Research | Chain Mail Armor |
| 20:36 | Create | Villager (Male) |
| 20:41 | Build | House |
| 20:49 | Create | Villager (Male) |
| 20:52 | Build | House |
| 20:58 | Build | Stone Wall |
| 21:00 | Create | Villager (Male) |
| 21:15 | Create | Villager (Male) |
| 21:18 | Create | Villager (Male) |
| 21:25 | Create | Skirmisher |
| 21:38 | Build | Farm |
| 21:39 | Create | Villager (Male) |
| 21:42 | Build | Farm |
| 21:43 | Create | Villager (Male) |
| 21:43 | Create | Villager (Male) |
| 21:53 | Build | Monastery |
| 21:55 | Build | Farm |
| 22:01 | Create | Villager (Male) |
| 22:14 | Create | Villager (Male) |
| 22:19 | Build | Farm |
| 22:23 | Build | Farm |
| 22:25 | Create | Villager (Male) |
| 22:37 | Build | Farm |
| 22:39 | Build | Farm |
| 22:40 | Build | Farm |
| 22:40 | Create | Villager (Male) |
| 22:41 | Create | Monk |
| 22:42 | Build | Farm |
| 22:46 | Create | Villager (Male) |
| 23:00 | Build | Farm |
| 23:02 | Build | Farm |
Match timeline
| 3:53 | _TieuQuy · wall_segment Palisade Wall x5 |
| 3:54 | _TieuQuy · wall_segment Palisade Wall x1 |
| 3:54 | _TieuQuy · wall_segment Palisade Wall x1 |
| 4:32 | TAG_Sitaux · first_building Barracks |
| 4:32 | _TieuQuy · wall_segment Palisade Wall x3 |
| 6:18 | _TieuQuy · wall_segment Palisade Wall x1 |
| 6:19 | _TieuQuy · wall_segment Palisade Wall x1 |
| 6:20 | _TieuQuy · wall_segment Palisade Wall x1 |
| 6:56 | _TieuQuy · wall_segment Palisade Wall x1 |
| 7:25 | _TieuQuy · wall_segment Palisade Wall x2 |
| 7:27 | _TieuQuy · wall_segment Palisade Wall x1 |
| 7:28 | _TieuQuy · wall_segment Palisade Wall x1 |
| 7:42 | _TieuQuy · first_building Barracks |
| 8:57 | TAG_Sitaux · wall_segment Palisade Wall x5 |
| 9:10 | _TieuQuy · age_up feudal |
| 9:12 | _TieuQuy · first_building Archery Range |
| 9:12 | TAG_Sitaux · wall_segment Palisade Wall x7 |
| 9:13 | TAG_Sitaux · wall_segment Palisade Wall x5 |
| 9:14 | TAG_Sitaux · wall_segment Palisade Wall x5 |
| 9:42 | TAG_Sitaux · wall_segment Palisade Wall x7 |
| 10:09 | _TieuQuy · wall_segment Palisade Wall x8 |
| 11:55 | TAG_Sitaux · age_up feudal |
| 12:10 | _TieuQuy · wall_segment Palisade Wall x6 |
| 12:19 | _TieuQuy · wall_segment Palisade Wall x1 |
| 12:30 | TAG_Sitaux · first_building Archery Range |
| 13:39 | _TieuQuy · wall_segment Palisade Wall x1 |
| 17:56 | TAG_Sitaux · first_building Stable |
| 18:25 | TAG_Sitaux · age_up castle |
| 18:55 | _TieuQuy · age_up castle |
| 20:58 | _TieuQuy · wall_segment Stone Wall x1 |
| 21:07 | TAG_Sitaux · first_building Siege Workshop |
| 21:53 | _TieuQuy · first_building Monastery |
| 24:08 | _TieuQuy · first_building Siege Workshop |
| 26:07 | TAG_Sitaux · first_building Monastery |
| 29:50 | TAG_Sitaux · wall_segment Stone Wall x1 |
| 29:51 | TAG_Sitaux · wall_segment Stone Wall x1 |
| 31:19 | TAG_Sitaux · first_building Castle |
| 31:41 | _TieuQuy · first_building Castle |
| 32:21 | _TieuQuy · age_up imperial |
| 33:10 | TAG_Sitaux · age_up imperial |
| 35:15 | TAG_Sitaux · first_market_sell 100 stone |
| 36:05 | _TieuQuy · first_market_buy 100 food |
| 37:59 | _TieuQuy · resign |
[ AI ANALYSIS · 1 CREDIT ]
What really happened in this match?
Wolo.gg analyzes every decision: build order, eco, micro, common mistakes by bracket. Personalized analysis on WhatsApp or Discord in 30 seconds.
Civ guide
Wu
Perfil
Jugador #212721